 Dungeon Crawl Stone Soup version 0.28-a0-1567-g1695149f81 (webtiles) character file.

Game seed: 10142274554533927032

70 southernslant the Vexing (level 4, -2/26 HPs)
             Began as a Kobold Arcane Marksman on Jan 20, 2022.
             Slain by an orc wizard (3 damage)
             ... on level 3 of the Dungeon.
             The game lasted 00:05:34 (2630 turns).

southernslant the Vexing (Kobold Arcane Marksman)   Turns: 2630, Time: 00:05:34

Health: -2/26      AC:  6    Str:  9    XL:     4   Next: 44%
Magic:  6/6        EV: 14    Int: 14    God:
Gold:   82         SH:  0    Dex: 15    Spells: 5/6 levels left

rFire   . . .      SeeInvis .   f - +3 dagger
rCold   + . .      Faith    .   (no shield)
rNeg    . . .      Spirit   .   j - +1 leather armour {rC+}
rPois   .          Reflect  .   (no helmet)
rElec   .          Harm     .   (no cloak)
rCorr   .          Rampage  .   (no gloves)
Will    .....                   b - +1 pair of boots
Stlth   ++........              (no amulet)
HPRegen 0.08/turn               (no ring)
MPRegen 0.10/turn               (no ring)

@: no status effects
A: small, no large weapons, nightstalker 3
a: no special abilities


You were on level 3 of the Dungeon.
You visited 1 branch of the dungeon, and saw 3 of its levels.

You collected 82 gold pieces.

Inventory:

Hand Weapons
 a - a +0 hand crossbow
 f - a +3 dagger (weapon)
Missiles
 c - 34 bolts
 g - 4 poisoned darts (quivered)
 p - 6 boomerangs
Armour
 b - a +1 pair of boots (worn)
 d - a +0 robe
 j - a +1 leather armour of cold resistance (worn)
Jewellery
 r - an amulet of faith
Scrolls
 h - 2 scrolls of identify {unknown}
 i - a scroll of brand weapon {unknown}
 l - a scroll of enchant armour {unknown}
 m - a scroll of summoning {unknown}
 n - a scroll of teleportation {unknown}
 o - a scroll of fog {unknown}
 s - a scroll of magic mapping {unknown}
Potions
 e - 2 potions of mutation {unknown}
 k - 3 potions of curing {unknown}
 q - a potion of lignification {unknown}


   Skills:
 * Level 2.0 Fighting
 * Level 1.6 Short Blades
 - Level 2.9 Crossbows
 - Level 0.1 Throwing
 - Level 1.0 Armour
 - Level 2.5 Dodging
 - Level 0.7 Stealth
 * Level 1.8 Spellcasting
 - Level 3.1 Hexes


You had 5 spell levels left.
You knew the following spells:

 Your Spells              Type           Power      Damage    Failure   Level
a - Slow                  Hex            40%        N/A       9%          1

Your spell library contained the following spells:

 Spells                   Type           Power      Damage    Failure   Level
 Inner Flame              Hex/Fire       5%         N/A       45%         3
 Portal Projectile        Hex/Tloc       10%        N/A       45%         3
 Cause Fear               Hex            5%         N/A       65%         4


Dungeon Overview and Level Annotations

Branches:
Dungeon (3/15)

Altars:


Innate Abilities, Weirdness & Mutations

You are small and have problems with some larger weapons.
You are completely attuned to the shadows.


Message History

You feel less confused. Something hits you but does no damage.
You barely miss something. Something hits you but does no damage.
You hit the orc but do no damage.
The orc is severely wounded.
The orc completely misses you.
You hit the orc but do no damage.
The orc is severely wounded.
The orc hits you but does no damage.
You hit the orc.
You kill the orc!
You closely miss something. Something hits you.
You hit something but do no damage.
You hear some strange, mumbled words.
A magic dart appears from out of thin air!
The magic dart hits you!
You hit something but do no damage. Something hits you but does no damage.
You closely miss something. Something hits you but does no damage.
You completely miss something. Something barely misses you.
You miss something.
You hear some strange, mumbled words.
A puff of flame appears from out of thin air!
The puff of flame misses you.
You barely miss something. You hit something.
Something hits you but does no damage.
You completely miss something. Something hits you but does no damage.
You hit something. Something hits you but does no damage.
You hit something but do no damage. Something hits you but does no damage.
You hit something. Something hits you.
* * * LOW HITPOINT WARNING * * *
You hit something.
You hear some strange, mumbled words.
A magic dart appears from out of thin air!
The magic dart hits you.
* * * LOW HITPOINT WARNING * * *
You hit something. Something hits you.
* * * LOW HITPOINT WARNING * * *
Okay, then.
You closely miss something. Something hits you.
You die...

#.......## #.#.#.###.# ##..#
.........###.........######...###
........['.......)..)).).........
.........####....##########...###
#.......## #>.... ##..# ##.....##
#.##.# ##.# ##...## #.##.# #.#
##+## #.##.# #.##@# # #.##{##.#
#.......# ####.#### ..((.# ######


There were no monsters in sight!

Vanquished Creatures
  An orc wizard (D:3)
  5 orcs (D:3)
  4 bats
  4 endoplasms
  3 giant cockroaches
  3 goblins
  2 hobgoblins
  2 jackals (D:1)
  A kobold (D:2)
  A quokka (D:3)
  4 ball pythons
  A frilled lizard (D:1)
  6 rats (D:1)
37 creatures vanquished.

Notes
Turn   | Place    | Note
-------+----------+-------------------------------------------
     0 | D:1      | southernslant the Kobold Arcane Marksman began the quest
                  | for the Orb.
     0 | D:1      | Reached XP level 1. HP: 12/12 MP: 2/2
   445 | D:1      | Reached XP level 2. HP: 16/16 MP: 3/3
  1406 | D:2      | Reached XP level 3. HP: 19/20 MP: 5/5
  2194 | D:3      | Reached skill level 1 in Short Blades
  2290 | D:3      | Reached skill level 1 in Armour
  2290 | D:3      | Reached XP level 4. HP: 16/26 MP: 6/6
  2629 | D:3      | HP: 1/26 [something (1)]
  2630 | D:3      | Slain by an orc wizard

Illustrated notes

Levels and vault maps discovered:
D:1:      dpeg_arrival_three_bigger_balls, layout_basic, minmay_misc_feat_doors
D:2:      layout_loops_ring
D:3:      layout_loops_corners, tso_altar, ebering_ecumenical_altar_abandoned

Skill      XL: |  1  2  3  4 |
---------------+-------------+-----
Short Blades   | 1 |  1.6
Armour         | 1 |  1.0
Fighting       | 2 |  2.0
Crossbows      | |  2.9
Throwing       | |  0.1
Dodging        | |  2.5
Stealth        | |  0.7
Spellcasting   | |  1.8
Hexes          | |  3.1

Action                   |  1- 3 |  4- 6 || total
-------------------------+-------+-------++-------
Melee: Dagger            |    65 |    29 ||    94
 Fire: Hand crossbow     |    13 |    22 ||    35
 Cast: Slow              |       |     1 ||     1
 Stab: Sleeping          |     9 |       ||     9
Armor: Robe              |    12 |       ||    12
       Leather armour    |     4 |    18 ||    22
Dodge: Dodged            |    43 |    18 ||    61

Table legend: (Time is in decaauts)
 A = Elapsed time spent in this place.
 B = Non-inter-level travel time spent in this place.
 C = Inter-level travel time spent in this place.
 D = Time resting spent in this place.
 E = Time spent auto-exploring this place.
 F = Levels seen in this place.
 G = Mean time per level.
                   A        B        C        D        E       F      G
               +--------+--------+--------+--------+--------+-----+--------+
         Total |   2635 |   2554 |     81 |      0 |   2250 |   3 |  878.3 |
       Dungeon |   2635 |   2554 |     81 |      0 |   2250 |   3 |  878.3 |
               +--------+--------+--------+--------+--------+-----+--------+

Top non-repeatable levels by time:
     D:1: 1329 daAuts
     D:2: 817 daAuts
     D:3: 488 daAuts
